[Event "*** Titled Tuesday Blitz"]
[Site "Chess.com"]
[Date "2020.02.04"]
[Round "1"]
[White "secretsuperstar7"]
[Black "nurgyulsalimova"]
[Result "0-1"]
[WhiteElo "2224"]
[BlackElo "2576"]
[TimeControl "180+2"]
[EndTime "13:05:42 PST"]
[Termination "nurgyulsalimova won by resignation"]

1. e4 e5 2. Nf3 Nc6 3. Bb5 a6 4. Ba4 g6 5. d3 Bg7 6. c3 d6 7.
O-O Ne7 8. Nbd2 O-O 9. Re1 h6 10. Nf1 f5 11. Be3 f4 12. Bc1 g5 13. h3 Ng6 14. d4 Qe7 15. Bc2 h5 16. d5 Nd8 17.
N3d2 g4 18. hxg4 hxg4 19. b4 Nf7 20. c4 Qh4 21. g3 Qh5 22. Nh2 Ng5 23. Rf1 f3 0-1

[Event "*** Titled Tuesday Blitz"]
[Site "Chess.com"]
[Date "2020.02.04"]
[Round "1"]
[White "rasmussvane"]
[Black "masterofpuppets2"]
[Result "1-0"]
[WhiteElo "2870"]
[BlackElo "2469"]
[TimeControl "180+2"]
[EndTime "13:05:45 PST"]
[Termination "rasmussvane won by resignation"]

1. Nf3 d5 2. g3 Nd7 3. d4 Ngf6 4.
c4 e6 5. Bg2 dxc4 6. O-O a6 7.
a4 Rb8 8. a5 b5 9. axb6 cxb6 10. Bf4 Rb7 11. Rxa6 Nd5 12. Ra8 b5 13. Nc3 N7f6 14.
Nxb5 Be7 15. Na7 Rxa7 16. Rxa7 O-O 17. Ne5 Qb6 18. Ra1 c3 19. bxc3 Nxc3 20. Qd3 Qxd4 21. Nc6 1-0

[Event "*** Titled Tuesday Blitz"]
[Site "Chess.com"]
[Date "2020.02.04"]
[Round "1"]
[White "Barcelona_Guy"]
[Black "2165149677570"]
[Result "1-0"]
[WhiteElo "2642"]
[BlackElo "2305"]
[TimeControl "180+2"]
[EndTime "13:05:45 PST"]
[Termination "Barcelona_Guy won by resignation"]

1. e4 c5 2. Nf3 d6 3. Bb5+ Nc6 4. O-O Bd7 5. Re1 Nf6 6. c3 a6 7. Bf1 Bg4 8. h3 Bxf3 9. Qxf3 e6 10. d3 Be7 11. Bf4 O-O 12. Nd2 d5 13. Qe2 e5 14. Bh2 Re8 15. Rad1 Qb6 16. exd5 Nxd5 17. Nc4 Qc7 18. Bxe5 Nxe5 19. Qxe5 Qc6 20. g3 b5 21.
Bg2 Rad8 22. Na5 Qd7 23. d4 cxd4 24. Qxd4 Nf6 25. Qxd7 Rxd7 26. Rxd7 Nxd7 27. Bc6 1-0

[Event "*** Titled Tuesday Blitz"]
[Site "Chess.com"]
[Date "2020.02.04"]
[Round "1"]
[White "12teen"]
[Black "ChessBitl"]
[Result "1-0"]
[WhiteElo "2710"]
[BlackElo "2377"]
[TimeControl "180+2"]
[EndTime "13:05:49 PST"]
[Termination "12teen won on time"]

1. e4 c5 2. Nc3 Nc6 3. d3 g6 4. f4 Bg7 5. g3 e6 6. Bg2 Nge7 7. Nf3 d5 8. Bd2 O-O 9. Qe2 b6 10. h4 h5 11. e5 Nf5 12. Qf2 Bb7 13. Bh3 Ncd4 14. O-O-O Qd7 15. g4 hxg4 16. Bxg4 b5 17. h5 b4 18. Ne2 Nxe2+ 19. Qxe2 Ng3 20. Qh2 Nxh1 21. Rxh1 gxh5 22. Qxh5 Rfc8 23. f5 exf5 24.
Bxf5 Qe7 25. Bg5 Qe8 26. Bf6 Kf8 27. Qh8+ 1-0

[Event "*** Titled Tuesday Blitz"]
[Site "Chess.com"]
[Date "2020.02.04"]
[Round "1"]
[White "Marks1420"]
[Black "Carnivoras"]
[Result "0-1"]
[WhiteElo "2138"]
[BlackElo "2550"]
[TimeControl "180+2"]
[EndTime "13:05:54 PST"]
[Termination "Carnivoras won by resignation"]

1. e4 e5 2. Nc3 Nf6 3. f4 d6 4.
Nf3 Nc6 5. Bc4 Be7 6. f5 O-O 7. d3 Nd4 8. O-O c6 9. Bb3 Nxb3 10. axb3 d5 11. Nxe5 dxe4 12. dxe4 Re8 13. Nd3 Qd4+ 14. Nf2 Bc5 15. Bf4 Nxe4 16. Qxd4 Bxd4 17. Nxe4 Rxe4 18. Bg3 Bxf5 19. c3 Bb6 20. Rad1 Re2 21. Rfe1 Rxb2 22.
b4 Be6 23. Kf1 Rc2 24. Ne4 Bc4+ 0-1

[Event "*** Titled Tuesday Blitz"]
[Site "Chess.com"]
[Date "2020.02.04"]
[Round "1"]
[White "cmpassgall"]
[Black "CM_Perligero"]
[Result "1-0"]
[WhiteElo "2535"]
[BlackElo "2079"]
[TimeControl "180+2"]
[EndTime "13:05:56 PST"]
[Termination "cmpassgall won by resignation"]

1. Nf3 Nf6 2. c4 g6 3. b3 Bg7 4. Bb2 O-O 5. g3 d6 6. d4 c6 7. Bg2 Bf5 8. O-O Qc8 9. Re1 Bh3 10. e4 Bxg2 11. Kxg2 Nbd7 12. e5 dxe5 13. dxe5 Nh5 14.
Qe2 Nc5 15. Qe3 Ne6 16. Nc3 Rd8 17. Rad1 Qc7 18. Ne4 b6 19. Neg5 Nxg5 20. Nxg5 Bh6 21. h4 c5 22. e6 f6 23. Qf3 Bxg5 24. hxg5 f5 25. Qc3 Qc6+ 26. Kh2 1-0

[Event "*** Titled Tuesday Blitz"]
[Site "Chess.com"]
[Date "2020.02.04"]
[Round "1"]
[White "zurzan"]
[Black "PotapovaM"]
[Result "0-1"]
[WhiteElo "1953"]
[BlackElo "2522"]
[TimeControl "180+2"]
[EndTime "13:06:01 PST"]
[Termination "PotapovaM won by resignation"]

1. f4 d5 2. Nf3 Nf6 3. g3 g6 4.
Bg2 Bg7 5. O-O O-O 6. d3 b6 7. Qe1 Bb7 8. Nbd2 c5 9. e4 e6 10.
e5 Nfd7 11. c3 Nc6 12. d4 a5 13. dxc5 Nxc5 14. Nd4 Rc8 15. a4 Ba6 16. Nb5 Bxb5 17.
axb5 Na7 18. c4 Nd3 19. Qe2 dxc4 20. Kh1 Nxb5 21. Be4 Nd4 22. Qe3 Nc2 23. Qf3 Nxa1 24.
Nxc4 Nxc1 25. Nd6 Nab3 26. Nxc8 Qxc8 27. Bb7 Qc5 28. h3 h5 29. g4 hxg4 30. hxg4 Nd2 0-1

[Event "*** Titled Tuesday Blitz"]
[Site "Chess.com"]
[Date "2020.02.04"]
[Round "1"]
[White "Orest_Vovk"]
[Black "joshdaruca"]
[Result "1-0"]
[WhiteElo "2392"]
[BlackElo "2691"]
[TimeControl "180+2"]
[EndTime "13:06:02 PST"]
[Termination "Orest_Vovk won by resignation"]

1. g4 c6 2. Bg2 d5 3. h3 g6 4. d4 Bg7 5. Bf4 Qb6 6. e3 Qxb2 7. Nd2 Nf6 8. Ngf3 Nbd7 9. O-O O-O 10. Ne5 Nxe5 11. Bxe5 Nd7 12. Bxg7 Kxg7 13. c4 dxc4 14. Nxc4 Qb4 15. Qd3 Nb6 16. Ne5 Be6 17. a4 Qa5 18.
Rfc1 f6 19. Rc5 Qb4 20. Rb1 Qxa4 21. Nf3 Rfd8 22. Qe4 Rd6 23. h4 Re8 24. Qd3 Bxg4 25. Nd2 Be6 26. Qc3 Bf7 27. Ra5 e5 28. Rxa4 Nxa4 29.
Qa3 Nc3 30. Qxc3 exd4 31. exd4 Re7 32. Ne4 Rde6 33. Nc5 Rd6 34. Rxb7 Rxb7 35. Nxb7 Re6 1-0

[Event "*** Titled Tuesday Blitz"]
[Site "Chess.com"]
[Date "2020.02.04"]
[Round "1"]
[White "Chesstrainer1"]
[Black "ElHelvetico"]
[Result "0-1"]
[WhiteElo "2369"]
[BlackElo "2699"]
[TimeControl "180+2"]
[EndTime "13:06:02 PST"]
[Termination "ElHelvetico won by resignation"]

1. Nf3 f5 2. d3 Nc6 3. e4 e5 4. Nc3 Nf6 5. exf5 d5 6. Nh4 Bc5 7. Bg5 O-O 8. g3 Nd4 9. Bh3 c6 10. O-O h6 11. Bxf6 Qxf6 12. Na4 Bd6 13. f4 exf4 14.
Ng6 Bxf5 15. Bxf5 Nxf5 16. Nxf8 Rxf8 17. Nc3 Ne3 18. Qf3 Nxf1 19. Rxf1 fxg3 0-1

[Event "*** Titled Tuesday Blitz"]
[Site "Chess.com"]
[Date "2020.02.04"]
[Round "1"]
[White "Gogolev_Artemy"]
[Black "GMWSO"]
[Result "0-1"]
[WhiteElo "2513"]
[BlackElo "3085"]
[TimeControl "180+2"]
[EndTime "13:06:05 PST"]
[Termination "GMWSO won by checkmate"]

1. d4 Nf6 2. c4 e6 3. g3 d5 4. Bg2 Bb4+ 5. Nd2 O-O 6. Nf3 dxc4 7. Qc2 a5 8. a3 Bxd2+ 9. Bxd2 b5 10.
a4 c6 11. O-O Bb7 12. e4 h6 13. Rfd1 Na6 14. axb5 cxb5 15. Bxa5 Bxe4 16. Qxe4 Nxe4 17. Bxd8 Rfxd8 18. Ne5 f5 19. Nc6 Re8 20. d5 exd5 21. Rxd5 Nc7 22. Rxa8 Rxa8 23. Rxf5 Ra1+ 24. Bf1 Nd2 25.
Kg2 Nxf1 26. Ne7+ Kh7 27. Rc5 Ne6 28. Rxb5 Nd2 29. h4 Nd4 30. Rd5 N2f3 31. h5 Rg1+ 32.
Kh3 Rh1+ 33. Kg4 Nh2+ 34. Kf4 Ne6+ 35. Kf5 Re1 36. Ng6 Nf3 37. Ra5 Ned4+ 38. Kf4 Ng5 39. Ra8 Re4# 0-1

[Event "*** Titled Tuesday Blitz"]
[Site "Chess.com"]
[Date "2020.02.04"]
[Round "1"]
[White "gemarin"]
[Black "IMDT02"]
[Result "0-1"]
[WhiteElo "2084"]
[BlackElo "2536"]
[TimeControl "180+2"]
[EndTime "13:06:05 PST"]
[Termination "IMDT02 won by resignation"]

1. d4 Nf6 2. c4 e6 3. Nf3 d5 4. Nc3 Be7 5. Bg5 O-O 6. e3 Nbd7 7. Rc1 h6 8. Bh4 Ne4 9. Bxe7 Qxe7 10. cxd5 Nxc3 11.
bxc3 exd5 12. Qb3 c6 13. c4 dxc4 14. Bxc4 Nb6 15. Be2 Be6 16. Qc3 Bxa2 17. O-O Be6 18. Ra1 Rfd8 19. Ne5 f6 20. Nf3 Bd5 21. Ra5 Nd7 22.
Rfa1 a6 23. Qb2 Nf8 24. Rb1 Rd7 25. Qb6 Ne6 26. Nd2 Ng5 27. Bc4 Bxc4 28. Nxc4 Re8 29. h3 Ne4 30. Ra3 Nd2 31. Rab3 Nxc4 32. Qb4 Qxb4 33.
Rxb4 b5 34. Ra1 a5 35. Rbb1 a4 0-1

[Event "*** Titled Tuesday Blitz"]
[Site "Chess.com"]
[Date "2020.02.04"]
[Round "1"]
[White "OparinGrigoriy"]
[Black "ShahMatKanal"]
[Result "1-0"]
[WhiteElo "3032"]
[BlackElo "2511"]
[TimeControl "180+2"]
[EndTime "13:06:08 PST"]
[Termination "OparinGrigoriy won by checkmate"]

1. Nf3 d5 2. g3 Nf6 3. Bg2 e6 4. c4 Be7 5. d4 O-O 6. Nc3 c6 7. b3 Nbd7 8. O-O b6 9. Bb2 a5 10. Rc1 Ba6 11. Qd3 Qb8 12. e4 b5 13. e5 bxc4 14. Qe3 Ne8 15. Rfe1 Nc7 16. Ne2 Ra7 17. Nf4 Rb7 18. Nd2 a4 19. Nh5 axb3 20. axb3 c5 21.
Qf4 Rc8 22. Qg4 Bf8 23. dxc5 Nxc5 24. Nf3 Ne4 25. Rxe4 dxe4 26. Nf6+ Kh8 27. Ng5 gxf6 28. Nxf7# 1-0

[Event "*** Titled Tuesday Blitz"]
[Site "Chess.com"]
[Date "2020.02.04"]
[Round "1"]
[White "Msb2"]
[Black "lolo9292"]
[Result "1-0"]
[WhiteElo "2848"]
[BlackElo "2455"]
[TimeControl "180+2"]
[EndTime "13:06:12 PST"]
[Termination "Msb2 won by checkmate"]

1. d4 Nf6 2. c4 g6 3. Nc3 Bg7 4. e4 d6 5. h3 O-O 6. Be3 e5 7. d5 a5 8. g4 Na6 9. Nge2 Nc5 10. Ng3 b6 11. Be2 a4 12. h4 Ne8 13. Qd2 f5 14. gxf5 gxf5 15. exf5 Nf6 16. h5 Rf7 17. h6 Bh8 18. Rg1 Kf8 19. O-O-O a3 20. b4 Na6 21. Nce4 Nxe4 22. Nxe4 Bxf5 23. Ng5 Rf6 24.
Bg4 Bxg4 25. Rxg4 Qe7 26. Rdg1 Ke8 27. Ne6 Kd7 28. Bg5 e4 29. Rxe4 Qf7 30. Qe1 Kc8 31.
b5 Nc5 32. Nxc5 dxc5 33. Re7 Qh5 34. Bxf6 Bxf6 35. Qe6+ Kb7 36. Qc6+ Ka7 37. Qxc7# 1-0

[Event "*** Titled Tuesday Blitz"]
[Site "Chess.com"]
[Date "2020.02.04"]
[Round "1"]
[White "platy3"]
[Black "Sanyura"]
[Result "1-0"]
[WhiteElo "2886"]
[BlackElo "2469"]
[TimeControl "180+2"]
[EndTime "13:06:13 PST"]
[Termination "platy3 won by resignation"]

1. e4 c5 2. Nf3 e6 3. d4 cxd4 4. Nxd4 Nc6 5. Nc3 Nf6 6. Nxc6 bxc6 7. e5 Nd5 8. Ne4 Qc7 9. f4 Qb6 10. c4 Bb4+ 11. Ke2 f5 12. Nf2 Ne7 13. Nd3 Ba6 14.
Be3 c5 15. a3 Bxc4 16. axb4 Nd5 17. Bxc5 Qb5 18. Kf2 a5 19. b3 Bxd3 20. Bxd3 Qb7 21. Qf3 axb4 22. Bc4 Kf7 23. Rhd1 Qc7 24. Bd4 Rxa1 25.
Rxa1 Nb6 26. Bxb6 Qxb6+ 27. Qe3 Qc6 28. Qd4 Ke7 29. Ra6 Qb7 30. Qc5+ Kf7 31. Bxe6+ Kg6 32. Bc4+ Kh5 33. Be2+ Kh4 34. Qe3 1-0

[Event "*** Titled Tuesday Blitz"]
[Site "Chess.com"]
[Date "2020.02.04"]
[Round "1"]
[White "vladimirdamjanovic"]
[Black "ChadBiryani"]
[Result "1-0"]
[WhiteElo "2632"]
[BlackElo "2296"]
[TimeControl "180+2"]
[EndTime "13:06:13 PST"]
[Termination "vladimirdamjanovic won by resignation"]

1. d4 f5 2. c4 e6 3. Nf3 Nf6 4.
g3 Be7 5. Bg2 O-O 6. O-O d6 7.
b3 Ne4 8. Bb2 Nd7 9. Nc3 Ndf6 10. Nxe4 Nxe4 11. Ne1 Qe8 12. Nd3 Bf6 13. e3 Bd7 14. Qc2 g5 15. f3 Nxg3 16. hxg3 Qh5 17. f4 Bc6 18. Qd1 g4 19. Qe2 Bh8 20. Bxc6 bxc6 21.
Qh2 Qe8 22. Kf2 a5 23. Rh1 Rf7 24. Bc3 c5 25. Rac1 cxd4 26. exd4 Qc6 27. Qg2 Qb6 28. Qxa8+ 1-0

[Event "*** Titled Tuesday Blitz"]
[Site "Chess.com"]
[Date "2020.02.04"]
[Round "1"]
[White "Hadza_3"]
[Black "AvitalBor"]
[Result "0-1"]
[WhiteElo "2398"]
[BlackElo "2735"]
[TimeControl "180+2"]
[EndTime "13:06:17 PST"]
[Termination "AvitalBor won by resignation"]

1. e4 e5 2. Nc3 Nc6 3. f4 d6 4. Nf3 exf4 5. Bc4 Ne5 6. Bb3 Bg4 7. O-O Nxf3+ 8. gxf3 Bh3 9. Rf2 Nf6 10. d4 Nh5 11. Ne2 Qh4 12. Ba4+ c6 13. d5 Be7 14.
dxc6 b5 15. Bxb5 Qg5+ 16. Kh1 Qxb5 17. Nxf4 Nxf4 18. Bxf4 Qxc6 19. Qd3 O-O 20. Rd1 Rfd8 21. c4 a5 22. Rg1 g6 23. Bh6 Bf6 24. Bf4 a4 25. b4 axb3 26. axb3 Ra3 27. Rd1 Rda8 28. Qxd6 Qxd6 29. Bxd6 Rxb3 30. e5 Bh4 31. Rc2 Rxf3 32.
c5 Bf5 33. Re2 Rc3 0-1

[Event "*** Titled Tuesday Blitz"]
[Site "Chess.com"]
[Date "2020.02.04"]
[Round "1"]
[White "Sibelephant"]
[Black "Slovak_fighter2000"]
[Result "1-0"]
[WhiteElo "3064"]
[BlackElo "2513"]
[TimeControl "180+2"]
[EndTime "13:06:22 PST"]
[Termination "Sibelephant won by checkmate"]

1. Nf3 Nf6 2. g3 d5 3. Bg2 c6 4. O-O Bf5 5. c4 e6 6. cxd5 exd5 7. d3 Be7 8. Qb3 Qb6 9. Qc2 h6 10. Nc3 O-O 11. e4 dxe4 12. dxe4 Bh7 13. Be3 Qa6 14.
Rfe1 Nbd7 15. Rad1 Nc5 16. Ne5 Ne6 17. Bf1 Qa5 18. Nc4 Qc7 19. f3 Bc5 20. Bxc5 Nxc5 21. Qf2 Ne6 22. Rd2 b5 23. Nd6 Rfd8 24. Red1 Qb6 25.
e5 Ne8 26. f4 Qxf2+ 27. Kxf2 a6 28. Bg2 Nxd6 29. Rxd6 Rxd6 30. Rxd6 Nc5 31. Bxc6 Rc8 32.
Ke3 b4 33. Nd5 Kf8 34. Nb6 Rb8 35. Kd4 Rxb6 36. Rd8+ Ke7 37. Re8# 1-0

[Event "*** Titled Tuesday Blitz"]
[Site "Chess.com"]
[Date "2020.02.04"]
[Round "1"]
[White "Firouzja2003"]
[Black "benhal"]
[Result "1-0"]
[WhiteElo "3155"]
[BlackElo "2515"]
[TimeControl "180+2"]
[EndTime "13:06:26 PST"]
[Termination "Firouzja2003 won by resignation"]

1. e4 c5 2. Nf3 Nc6 3. d4 cxd4 4. Nxd4 Nf6 5. Nc3 e5 6. Ndb5 d6 7. Nd5 Nxd5 8. exd5 Nb8 9. Be2 Be7 10. a4 O-O 11.
O-O f5 12. f4 Nd7 13. Bd2 a6 14. Na3 exf4 15. Bxf4 Nc5 16. Nc4 a5 17. Qe1 b6 18.
Bd3 Bf6 19. Bxd6 Re8 20. Qg3 Nxd3 21. cxd3 g6 22. Rae1 Rxe1 23. Qxe1 Bd4+ 24. Kh1 Bd7 25. b3 Qf6 26. Be5 Bxe5 27. Nxe5 Be8 28. Nc4 b5 29. axb5 Bxb5 30. Qe3 Rd8 31. Qc5 Ba6 32. Qxa5 Bb7 33. d6 Rd7 34. Qb5 Qg5 35. Rg1 Qg4 36. Ne5 Bxg2+ 37. Rxg2 Qd1+ 38. Rg1 1-0

[Event "*** Titled Tuesday Blitz"]
[Site "Chess.com"]
[Date "2020.02.04"]
[Round "1"]
[White "GMKrikor"]
[Black "catalin009"]
[Result "1-0"]
[WhiteElo "2815"]
[BlackElo "2440"]
[TimeControl "180+2"]
[EndTime "13:06:29 PST"]
[Termination "GMKrikor won by resignation"]

1. Nf3 Nf6 2. c4 e6 3. e3 d5 4. Nc3 b6 5. b3 Bb7 6. Bb2 Be7 7. cxd5 exd5 8. d4 O-O 9. Rc1 c5 10. Bd3 Nbd7 11. O-O Re8 12. Bf5 Bf8 13. Qc2 a6 14.
Rfd1 Qe7 15. dxc5 bxc5 16. Bxd7 Qxd7 17. Na4 Ne4 18. Nb6 Qg4 19. h3 Qh5 20. Nxa8 Bxa8 21. Qe2 Bd6 22. Re1 Bb8 23. Nd2 Qg6 24. Nxe4 Rxe4 25.
Rxc5 Bb7 26. Rec1 h5 27. Rc8+ Bxc8 28. Rxc8+ Kh7 29. Rxb8 1-0

[Event "*** Titled Tuesday Blitz"]
[Site "Chess.com"]
[Date "2020.02.04"]
[Round "1"]
[White "Konavets"]
[Black "ChainsOfFantasia"]
[Result "1-0"]
[WhiteElo "3005"]
[BlackElo "2505"]
[TimeControl "180+2"]
[EndTime "13:06:31 PST"]
[Termination "Konavets won by resignation"]

1. e4 e6 2. d4 d5 3. Nc3 Nf6 4. e5 Nfd7 5. Nce2 c5 6. c3 Nc6 7. f4 a5 8. Nf3 a4 9. a3 cxd4 10. Nexd4 Nc5 11. Be3 Nxd4 12. Nxd4 Be7 13. Be2 O-O 14.
O-O Ne4 15. Bd3 Bc5 16. Qf3 Bxd4 17. Bxd4 Bd7 18. Rae1 Bc6 19. f5 exf5 20. Qxf5 Qe7 21. Re3 Qe6 22. Qh5 Rae8 23. Rh3 h6 24. Rf4 f5 25. exf6 Nxf6 26. Qg6 Rf7 27. Re3 Ne4 28.
Qxf7+ Qxf7 29. Rxf7 Kxf7 30. h4 Nf6 31. Rxe8 Bxe8 32.
Kf2 Bd7 33. Kf3 g5 34. hxg5 hxg5 35. Be3 g4+ 36. Kf4 Bc6 37. Bd4 Ke6 38. Bf5+ Kf7 39.
Bxf6 Kxf6 40. Bxg4 d4 41. cxd4 Bxg2 42. Bf3 Bf1 43.
Bxb7 Ke6 44. Bc6 Bd3 45. Bxa4 Kd5 46. Ke3 1-0

[Event "*** Titled Tuesday Blitz"]
[Site "Chess.com"]
[Date "2020.02.04"]
[Round "1"]
[White "Eloist"]
[Black "kosya4ok"]
[Result "0-1"]
[WhiteElo "2249"]
[BlackElo "2602"]
[TimeControl "180+2"]
[EndTime "13:06:37 PST"]
[Termination "kosya4ok won by resignation"]

1. e4 c5 2. Nf3 e6 3. b3 b6 4.
Bd3 Bb7 5. O-O Nc6 6. Re1 Qc7 7.
Bb2 a6 8. Bf1 Nge7 9. c3 d5 10.
e5 d4 11. cxd4 cxd4 12. Nxd4 Nxd4 13. Bxd4 Nf5 14. Bb2 Rd8 15. Nc3 Bc5 16. Ne4 Bd4 17.
Rc1 Qxe5 18. Nc5 Bxf2+ 19. Kxf2 Qxb2 20. Nxb7 Rxd2+ 21. Kg1 Rxd1 22. Rcxd1 O-O 23. Bxa6 Qxa2 24. Bc4 b5 25. Ra1 Qc2 26. Bxb5 Qxb3 27. Rab1 Qd5 28.
Red1 Qxb7 0-1

[Event "*** Titled Tuesday Blitz"]
[Site "Chess.com"]
[Date "2020.02.04"]
[Round "1"]
[White "wolfje95"]
[Black "Vuk2000"]
[Result "1-0"]
[WhiteElo "2384"]
[BlackElo "2677"]
[TimeControl "180+2"]
[EndTime "13:06:40 PST"]
[Termination "wolfje95 won by resignation"]

1. e4 e6 2. d4 d5 3. Nc3 Bb4 4. Ne2 dxe4 5. a3 Bxc3+ 6. Nxc3 Nc6 7. d5 exd5 8. Qxd5 Be6 9. Qxe4 Nf6 10. Qh4 h6 11.
Bb5 O-O 12. Bxc6 bxc6 13. O-O Re8 14. Rd1 Qe7 15. Be3 Bf5 16. Bd4 Bxc2 17. Bxf6 gxf6 18. Rdc1 Kg7 19. Qg3+ Bg6 20. h4 h5 21. Nd1 Rad8 22.
Ne3 c5 23. Nf5+ Kh7 24. Nxe7 Rxe7 25. Rxc5 Rd4 26. Rxc7 Ree4 27. Rc8 Rxh4 28. Qb8 Kh6 29. Rac1 Rhe4 30. Rh8+ Kg5 31. Qg3+ Rg4 32. Qe3+ Kh4 33. g3+ Kh3 34. Qf3 Rg5 35. Qg2+ Kg4 36. Kh2 Rf5 37.
Rc3 Rfd5 38. Qh3+ Kg5 39. f4+ 1-0

[Event "*** Titled Tuesday Blitz"]
[Site "Chess.com"]
[Date "2020.02.04"]
[Round "1"]
[White "JozefKneht"]
[Black "SantoBlue"]
[Result "0-1"]
[WhiteElo "2447"]
[BlackElo "2827"]
[TimeControl "180+2"]
[EndTime "13:06:41 PST"]
[Termination "SantoBlue won by checkmate"]

1. d4 Nf6 2. Bf4 g6 3. e3 Bg7 4. Nf3 O-O 5. Be2 d6 6. h3 Nfd7 7. O-O e5 8. Bh2 Nc6 9. c3 Kh8 10. a4 e4 11. Nfd2 f5 12. b4 Nf6 13. b5 Ne7 14. c4 g5 15. Nc3 Ng6 16. Qc2 h5 17. Rad1 Qe8 18. c5 dxc5 19. dxc5 f4 20. Ncxe4 Bf5 21.
Nxf6 Bxc2 22. Nxe8 Bxd1 23. Rxd1 Raxe8 24. Bxh5 fxe3 25.
fxe3 Re6 26. Bxg6 Rxg6 27. Bxc7 Re6 28. Bd6 Rf7 29. Nf3 Rxe3 30. Nxg5 Rf5 31. Nf3 Rc3 32. Re1 Rc2 33. Re8+ Kh7 34. Re7 Kg8 35. Rxb7 Bh6 36. c6 Be3+ 37. Kh2 Rxf3 38. c7 Rff2 39. Rb8+ Kh7 40. c8=Q Rxg2+ 41. Kh1 Rg1# 0-1

[Event "*** Titled Tuesday Blitz"]
[Site "Chess.com"]
[Date "2020.02.04"]
[Round "1"]
[White "GMHess"]
[Black "Korona_91"]
[Result "0-1"]
[WhiteElo "2742"]
[BlackElo "2424"]
[TimeControl "180+2"]
[EndTime "13:06:52 PST"]
[Termination "Korona_91 won by checkmate"]

1. b3 g6 2. Bb2 Nf6 3. g3 Bg7 4. Bg2 O-O 5. e3 d5 6. Ne2 c5 7. d3 Nc6 8. Nd2 e5 9. h3 d4 10.
Bxc6 bxc6 11. e4 Be6 12. g4 h5 13. f3 Nh7 14. Ng3 Qh4 15. Nf1 Bh6 16. Bc1 Bf4 17. Kf2 Ng5 18. Kg2 f5 19. exf5 gxf5 20. Bxf4 exf4 21.
Nxf5 Rxf5 22. gxf5 Bd5 23. Nh2 Qxh3+ 24. Kf2 Re8 25.
Qg1 Qh4+ 26. Kf1 Kf8 27. Ng4 Nh3 28. Nf6 Re3 29. Nxd5 Rxf3+ 30. Ke2 Rg3 31. Qf1 cxd5 32. Kd2 f3 33. Re1 Qf4+ 34. Kd1 Rg2 35. Re8+ Kxe8 36. Qe1+ Re2 37. Qa5 Nf2# 0-1

[Event "*** Titled Tuesday Blitz"]
[Site "Chess.com"]
[Date "2020.02.04"]
[Round "1"]
[White "CzechmVIII"]
[Black "RitvarsReimanis"]
[Result "0-1"]
[WhiteElo "2186"]
[BlackElo "2566"]
[TimeControl "180+2"]
[EndTime "13:06:52 PST"]
[Termination "RitvarsReimanis won by resignation"]

1. e4 c5 2. Nf3 Nc6 3. Nc3 d6 4. d4 cxd4 5. Nxd4 Nf6 6. Bc4 e6 7. Be3 Be7 8. Qe2 a6 9. O-O-O Nxd4 10.
Bxd4 Qc7 11. e5 dxe5 12. Bxe5 Qa5 13. Bb3 O-O 14. g4 Nd7 15. Bd4 Bc5 16. Kb1 Bxd4 17. Rxd4 Nc5 18. Rhd1 b5 19. Qe5 b4 20. Ne4 Nxb3 21.
Nf6+ gxf6 22. Qxf6 Nxd4 23. Rxd4 Bb7 24. Rxb4 Rad8 25.
a3 Rd1+ 26. Ka2 Bd5+ 27. b3 Qd8 28. Qh6 f6 29. g5 Rg1 30. Rh4 Qe7 31. gxf6 Rxf6 32.
Qe3 Qg7 33. Rd4 Rf3 34. Qd2 Rf1 35. Rxd5 0-1

[Event "*** Titled Tuesday Blitz"]
[Site "Chess.com"]
[Date "2020.02.04"]
[Round "1"]
[White "LivajaM"]
[Black "Lagmantr"]
[Result "0-1"]
[WhiteElo "2404"]
[BlackElo "2753"]
[TimeControl "180+2"]
[EndTime "13:06:53 PST"]
[Termination "Lagmantr won by resignation"]

1. d4 d5 2. c4 e6 3. Nc3 c6 4.
Qd3 f5 5. Nf3 Nf6 6. g3 Bd6 7.
Bg2 O-O 8. O-O Nbd7 9. Rd1 Ne4 10. b3 Ndf6 11. Bb2 Ng4 12. Rf1 Bd7 13. Nd1 Be8 14.
Ne5 Nxe5 15. dxe5 Bc5 16. e3 Bg6 17. Nc3 Qe7 18. Rad1 Rad8 19. Rfe1 f4 20. Nxe4 dxe4 21. Qc2 fxe3 22. fxe3 Qg5 23. Bd4 Bxd4 24. exd4 e3 25. Be4 Rf2 26. Qd3 Bxe4 27. Qxe4 Rdf8 28. Rxe3 Qh5 29.
Qh4 Qxd1+ 0-1

[Event "*** Titled Tuesday Blitz"]
[Site "Chess.com"]
[Date "2020.02.04"]
[Round "1"]
[White "karinachess1"]
[Black "Indianlad"]
[Result "0-1"]
[WhiteElo "2492"]
[BlackElo "2930"]
[TimeControl "180+2"]
[EndTime "13:06:57 PST"]
[Termination "Indianlad won by resignation"]

1. Nf3 d5 2. d4 Nf6 3. c4 c6 4. g3 dxc4 5. Bg2 b5 6. Ne5 Bb7 7. Nc3 a6 8. O-O e6 9. a4 Qc8 10. e4 Bb4 11. Bg5 Nbd7 12. Qc2 Nxe5 13. dxe5 Ng4 14. Bf4 Qc7 15. b3 cxb3 16. Qxb3 Bc5 17. Rac1 O-O 18. Qb2 Bd4 19. Qe2 Nxe5 20. axb5 c5 21.
Qh5 g6 22. Qh6 f6 23. Rfd1 Qe7 24. Qh3 Rfd8 25. Ne2 Bb2 26. Rb1 Rxd1+ 27. Rxd1 axb5 28. Be3 c4 29. f4 Nd3 30. Nd4 f5 31. Nxb5 fxe4 32.
Nd4 Bd5 33. Qh6 c3 34. Nc2 Rd8 35. Bd4 Bb3 36. Bxe4 Bxc2 37. Bxg6 Rxd4 38. Bxh7+ Qxh7 39. Qg5+ Qg7 0-1

[Event "*** Titled Tuesday Blitz"]
[Site "Chess.com"]
[Date "2020.02.04"]
[Round "1"]
[White "Alopekos"]
[Black "obliviate12"]
[Result "1/2-1/2"]
[WhiteElo "2463"]
[BlackElo "2844"]
[TimeControl "180+2"]
[EndTime "13:07:01 PST"]
[Termination "Game drawn by repetition"]

1. e4 c5 2. Nc3 d6 3. Nge2 Nf6 4.
d4 cxd4 5. Nxd4 a6 6. Be3 e5 7. Nb3 Be6 8. f4 exf4 9. Bxf4 Nc6 10. Qd2 d5 11. O-O-O Bb4 12. Qd3 Nxe4 13. Nxe4 dxe4 14. Qxe4 Qf6 15. Bd3 Qg6 16. Qe3 Qh5 17. g4 Qxg4 18.
Rhg1 Qh5 19. Rg5 Qh3 20. Rg3 Qh5 21. Rg5 Qh3 22. Rg3 Qh5 23. Rg5 1/2-1/2

[Event "*** Titled Tuesday Blitz"]
[Site "Chess.com"]
[Date "2020.02.04"]
[Round "1"]
[White "LiemLe"]
[Black "stoleriu"]
[Result "1-0"]
[WhiteElo "2965"]
[BlackElo "2498"]
[TimeControl "180+2"]
[EndTime "13:07:10 PST"]
[Termination "LiemLe won by resignation"]

1. e4 e6 2. d4 d5 3. Nc3 Bb4 4. e5 c5 5. a3 Bxc3+ 6. bxc3 Qc7 7. Qg4 f6 8. Bd2 c4 9. Nf3 Nc6 10. Qg3 Qf7 11. Be2 Nge7 12. O-O Nf5 13. Qh3 h5 14. Rae1 g5 15. g4 Nh4 16. exf6 hxg4 17. Qxg4 e5 18. Qg3 Nf5 19. Qg2 e4 20. Nxg5 Qxf6 21. Bxc4 Nh4 22. Qg3 Be6 23. f3 e3 24. Rxe3 O-O-O 25. Rxe6 Qg7 26. Rxc6+ bxc6 27. Ba6+ Kd7 28. Qg4+ Kc7 29.
Rb1 Ng6 30. Ne6+ 1-0

[Event "*** Titled Tuesday Blitz"]
[Site "Chess.com"]
[Date "2020.02.04"]
[Round "1"]
[White "MikeSailer"]
[Black "Supernotar"]
[Result "0-1"]
[WhiteElo "2121"]
[BlackElo "2549"]
[TimeControl "180+2"]
[EndTime "13:07:12 PST"]
[Termination "Supernotar won by resignation"]

1. Nf3 c5 2. b3 Nc6 3. Bb2 Nf6 4. e3 e6 5. c4 Be7 6. Be2 O-O 7. O-O d5 8. d4 cxd4 9. Nxd4 Nxd4 10. Qxd4 b6 11.
Nd2 Bb7 12. Nf3 Rc8 13. Rfd1 Qc7 14. Rac1 Qb8 15. Ne5 Rfd8 16. Qh4 dxc4 17. Rxd8+ Rxd8 18. Bxc4 Qd6 19. Bd4 Rc8 20. Rd1 Rd8 21. h3 Nd7 22. Nxf7 Kxf7 23. Qxh7 Nf6 24. Qh4 b5 25. Be2 e5 26. Bxa7 Qc6 27. Bf3 Rxd1+ 28. Kh2 Qd7 29. Bxd1 Qxd1 30. Qg5 Qd5 31. f3 e4 0-1